 Dungeon Sprint DCSS version 0.30-a0-50-gb2d611f6b1 (webtiles) character file.

Game seed: 7548200972537207498

98 rocky1 the Geomancer (level 4, 0/49 HPs)
             Began as a Draconian Earth Elementalist on Sept 5, 2022.
             Was a Believer of Sif Muna.
             Slain by a frilled lizard (1 damage)
             ... in the Dungeon (Sprint VII: "The Pits").
             The game lasted 00:01:27 (360 turns).

rocky1 the Geomancer (Draconian Earth Elementalist)  Turns: 360, Time: 00:01:27

Health: 0/49       AC:  5    Str: 10    XL:     4   Next: 44%
Magic:  2/7        EV: 12    Int: 18    God:    Sif Muna [**....]
Gold:   0          SH:  0    Dex: 11    Spells: 6/7 levels left

rFire   . . .      SeeInvis .    j - +2 quarterstaff
rCold   . . .      Faith    .    (shield currently unavailable)
rNeg    . . .      Spirit   .    (body armour unavailable)
rPois   .          Reflect  .    (helmet restricted)
rElec   .          Harm     .    (no cloak)
rCorr   .          Rampage  .    (no gloves)
Will    .....      NoTele   +    (no boots)
Stlth   ..........               (no amulet)
HPRegen 0.16/turn                (no ring)
MPRegen 0.10/turn                (no ring)

@: berserking (expiring), very quick
A: AC +5, unfitting armour, cold-blooded
a: Renounce Religion, Channel Magic


You were in the Dungeon.
You worshipped Sif Muna.
Sif Muna was pleased with you.
You visited 1 branch

Inventory:

Hand Weapons
 j - a +2 quarterstaff (weapon)
Scrolls
 f - a scroll of blinking
 h - 5 scrolls of amnesia
 i - a scroll of summoning
Potions
 a - 5 potions of magic
 b - a potion of curing
 c - a potion of heal wounds
 d - a potion of haste
 e - 2 potions of berserk rage
 g - 2 potions of invisibility


   Skills:
 - Level 1.7 Dodging
 - Level 1.7 Stealth
 - Level 2.0 Spellcasting
 - Level 1.0 Transmutations
 + Level 9.4 Earth Magic


You had 6 spell levels left.
You knew the following spells:

 Your Spells              Type           Power      Damage    Failure   Level
a - Sandblast             Erth           70%        2d15      1%          1

Your spell library contained the following spells:

 Spells                   Type           Power      Damage    Failure   Level
 Passwall                 Tmut/Erth      16%        N/A       3%          2
 Stone Arrow              Conj/Erth      36%        3d9       8%          3
 Petrify                  Tmut/Erth      20%        N/A       22%         4


Dungeon Overview and Level Annotations

Branches:
Dungeon (1/1)

Altars:
Ashenzari
Cheibriados
Dithmenos
Elyvilon
Fedhas
Gozag
Hepliaklqana
Kikubaaqudgha
Makhleb
Nemelex Xobeh
Okawaru
Qazlal
Ru
Sif Muna
Trog
Uskayaw
Vehumet
Wu Jian
Xom
Yredelemnul
Zin
The Shining One
Jiyva
Lugonu


Innate Abilities, Weirdness & Mutations

Your plain brown scales are hard. (AC +5)
You cannot fit into any form of body armour.
You are cold-blooded and may be slowed by cold attacks.


Message History

The gnoll sergeant hits you from afar with a +0 spear.
You sock the gnoll!
You kill the gnoll!
Sif Muna accepts your kill. The gnoll sergeant barely misses you.
Your Earth Magic skill increases to level 7!
The gnoll hits you from afar with a +0 spear!
You see here a +0 club.
You thump the gnoll sergeant!
The gnoll sergeant is moderately wounded.
The gnoll sergeant barely misses you. The gnoll barely misses you.
You barely miss the gnoll sergeant.
The gnoll sergeant is moderately wounded.
The gnoll closely misses you.
The gnoll sergeant hits you with a +0 spear!
* * * LOW HITPOINT WARNING * * *
The frilled lizard bites you but does no damage.
You sock the gnoll sergeant!
Your tail-slap misses the gnoll sergeant.
The gnoll sergeant is severely wounded.
The gnoll sergeant hits you with a +0 spear!
* * * LOW HITPOINT WARNING * * *
The gnoll hits you from afar with a +0 spear.
* * * LOW HITPOINT WARNING * * *
The frilled lizard closely misses you.
You sock the gnoll sergeant!
You kill the gnoll sergeant!
Sif Muna accepts your kill.
The gnoll hits you from afar with a +0 spear.
* * * LOW HITPOINT WARNING * * *
The frilled lizard closely misses you.
Your Earth Magic skill gained 2 levels and is now at level 9!
You have reached level 4!
You feel clever.
You miss the frilled lizard.
Your tail-slap misses the frilled lizard.
You closely miss the frilled lizard. The gnoll closely misses you.
The frilled lizard unfolds its giant frill.
The frilled lizard bites you.
You die...

_________.#
_______...###########++
##########'##...........
#.?(.')))'.##......#..#.
##########.##...........
#...........'...........
#+#####'#####......#..#.
#...#†# #...........
#...#@# ####'#####++
#..gl)# #.......#
##'#### #.......# #...
#.......# #....
#...<...# #....g
#.......# #....gg
#.......# ########
#.......# #########


You could see a gnoll and a frilled lizard.

Vanquished Creatures
  A gnoll sergeant (D)
  2 gnolls (D)
  An adder (D)
  An ufetubus (D)
  A ball python (D)
  2 endoplasms (D)
  A hobgoblin (D)
9 creatures vanquished.

Notes
Turn   | Place    | Note
-------+----------+-------------------------------------------
     0 | D        | rocky1 the Draconian Earth Elementalist began the quest for
                  | the Orb.
     0 | D        | Reached XP level 1. HP: 14/14 MP: 3/3
    22 | D        | Found a bloodstained altar of Trog.
    22 | D        | Found a shimmering blue altar of Sif Muna.
    22 | D        | Found a viscous altar of Jiyva.
    22 | D        | Found a hazy altar of Hepliaklqana.
    22 | D        | Found an opulent altar of Gozag.
    23 | D        | Found a glowing golden altar of the Shining One.
    23 | D        | Found a glowing silver altar of Zin.
    23 | D        | Found a basalt altar of Yredelemnul.
    23 | D        | Found a shimmering altar of Xom.
    23 | D        | Found an ornate altar of the Wu Jian Council.
    23 | D        | Found a sacrificial altar of Ru.
    23 | D        | Found a stormy altar of Qazlal.
    23 | D        | Found an iron altar of Okawaru.
    23 | D        | Found a sparkling altar of Nemelex Xobeh.
    23 | D        | Found a burning altar of Makhleb.
    23 | D        | Found a blossoming altar of Fedhas.
    23 | D        | Found a white marble altar of Elyvilon.
    23 | D        | Found a shadowy altar of Dithmenos.
    23 | D        | Found a snail-covered altar of Cheibriados.
    26 | D        | Found a corrupted altar of Lugonu.
    26 | D        | Found a radiant altar of Vehumet.
    27 | D        | Found an ancient bone altar of Kikubaaqudgha.
    27 | D        | Found a hide-covered altar of Uskayaw.
    27 | D        | Found a broken altar of Ashenzari.
    28 | D        | Became a worshipper of Sif Muna the Loreminder
   204 | D        | Reached skill level 4 in Earth Magic
   207 | D        | Reached skill level 5 in Earth Magic
   207 | D        | Reached XP level 2. HP: 14/20 MP: 3/5
   297 | D        | Reached * piety under Sif Muna
   302 | D        | Reached skill level 6 in Earth Magic
   343 | D        | Noticed a gnoll sergeant
   348 | D        | Reached ** piety under Sif Muna
   349 | D        | Reached XP level 3. HP: 26/26 MP: 1/6
   354 | D        | Reached skill level 7 in Earth Magic
   358 | D        | Killed a gnoll sergeant
   358 | D        | HP: 1/39 [gnoll/+0 spear[a gnoll sergeant] (1)]
   359 | D        | Reached skill level 9 in Earth Magic
   359 | D        | Reached XP level 4. HP: 1/33 MP: 2/7
   360 | D        | Slain by a frilled lizard

Illustrated notes

Levels and vault maps discovered:
D:        pitsprint [storerooms_1, entrance_room_1, metal_vault_1, armoury_3,
          mini_pit_1, grid_room_1, main_hall_1, silver_pit, the_coven_1,
          the_vestibule_1, steel_vault_1, golden_pit, hallway_of_sentries,
          crystal_vault_1, iron_vault_2, final_vault]

Skill      XL: |  1  2  3 |
---------------+----------+-----
Earth Magic    | 5 6 9 |  9.4
Dodging        | |  1.7
Stealth        | |  1.7
Spellcasting   | |  2.0
Transmutations | |  1.0

Action                   |  1- 3 |  4- 6 || total
-------------------------+-------+-------++-------
Melee: Unarmed           |     4 |       ||     4
       Quarterstaff      |     9 |     2 ||    11
       Tailslap          |     1 |       ||     1
 Cast: Sandblast         |     8 |       ||     8
  Use: Potion            |     1 |       ||     1
Armor: Skin              |     4 |       ||     4
Dodge: Dodged            |    14 |     1 ||    15

Table legend: (Time is in decaauts)
 A = Elapsed time spent in this place.
 B = Non-inter-level travel time spent in this place.
 C = Inter-level travel time spent in this place.
 D = Time resting spent in this place.
 E = Time spent auto-exploring this place.
 F = Levels seen in this place.
 G = Mean time per level.
                   A        B        C        D        E       F      G
               +--------+--------+--------+--------+--------+-----+--------+
         Total |    364 |    364 |      0 |    265 |      0 |   1 |  364.0 |
       Dungeon |    364 |    364 |      0 |    265 |      0 |   1 |  364.0 |
               +--------+--------+--------+--------+--------+-----+--------+

Top non-repeatable levels by time:
       D: 364 daAuts
